 Dungeon Sprint DCSS version 0.21.1-1-g345015f (webtiles) character file.

2060 Fang the Fighter (level 9, 0/94 HPs)
             Began as a Minotaur Berserker on Apr 27, 2018.
             Was the Champion of Trog.
             Slain by a freezing wraith (6 damage)
             ... in the Dungeon (Sprint V: "Ziggurat Sprint").
             The game lasted 00:05:03 (545 turns).

Fang the Fighter (Minotaur Berserker)                Turns: 545, Time: 00:05:04

Health: 0/94       AC: 21    Str: 31    XL:     9   Next: 5%
Magic:  8/8        EV: 12    Int:  4    God:    Trog [******]
Gold:   0          SH:  0    Dex: 10    Spells: 8/8 levels left

rFire    . . .     SeeInvis .   D - +9 halberd of Mysticism {venom, rPois}
rCold    . . .     Gourm    .   (shield currently unavailable)
rNeg     . . .     Faith    .   j - +5 shadow dragon scales
rPois    +         Spirit   .   (helmet restricted)
rElec    .         Reflect  .   (no cloak)
rCorr    .         Harm     .   (no gloves)
MR       .....     NoTele   +   C - +1 pair of boots {run}
Stlth    ++........             (no amulet)
HPRegen  0.25/turn              G - ring of flight
MPRegen  0.11/turn              F - +6 ring of strength

@: berserk cooldown, slowed, very slow
A: retaliatory headbutt, horns 2
a: Berserk, Trog's Hand, Brothers in Arms, Burn Spellbooks, Renounce Religion,
Evoke Flight


You were in the Dungeon.
You worshipped Trog.
Trog was exalted by your worship.
You were very hungry.

You visited 1 branch

Inventory:

Hand Weapons
 k - a +3 battleaxe of chopping
 l - a +5 demon trident
 A - the +5 double sword of Death's Door {holy, rC- Str+4}
   (You found it in the Dungeon)

   It has been blessed by the Shining One to cause great damage to the undead
   and demons.
   It affects your strength (+4).
   It makes you vulnerable to cold.
 D - the +9 halberd of Mysticism (weapon) {venom, rPois}
   (Trog gifted it to you in the Dungeon)

   It poisons the flesh of those it strikes.
   It protects you from poison.
Armour
 j - +5 shadow dragon scales (worn)
 C - a +1 pair of boots of running (worn)
Jewellery
 F - a +6 ring of strength (right hand)
 G - a ring of flight (left hand)
Wands
 x - a wand of disintegration (7)
 y - a wand of iceblast (7)
 z - a wand of acid (7)
Scrolls
 i - 4 scrolls of blinking
 m - 7 scrolls of fog
 n - a scroll of holy word
 o - 5 scrolls of identify
 p - 5 scrolls of remove curse
 q - 2 scrolls of fear
Potions
 d - 10 potions of curing
 e - 10 potions of heal wounds
 f - 6 potions of haste
 g - 7 potions of magic
 h - 3 potions of berserk rage
 r - 2 potions of brilliance
 s - 2 potions of invisibility
 t - 4 potions of resistance
 u - a potion of experience
 v - 6 potions of agility
 w - 5 potions of might
Miscellaneous
 a - a box of beasts
 b - a lamp of fire
Comestibles
 c - 7 rations
 B - 4 chunks of flesh


   Skills:
 + Level 13.6 Fighting
 + Level 8.7 Long Blades
 + Level 12.1(13.2) Axes
 + Level 9.0(11.7) Polearms
 + Level 8.6 Armour
 + Level 6.6 Dodging
 + Level 0.1 Stealth


You had 8 spell levels left.
You didn't know any spells.

Dungeon Overview and Level Annotations

Branches:
Dungeon (1/1)

Altars:
Ashenzari
Cheibriados
Dithmenos
Elyvilon
Fedhas
Gozag
Hepliaklqana
Kikubaaqudgha
Makhleb
Nemelex Xobeh
Okawaru
Qazlal
Ru
Sif Muna
Trog
Uskayaw
Vehumet
Wu Jian
Xom
Yredelemnul
Zin
The Shining One
Beogh
Jiyva
Lugonu

Annotations:
D 1 transporter


Innate Abilities, Weirdness & Mutations

You reflexively headbutt those who attack you in melee.
You have a pair of horns on your head.


Message History

The ice beast hits you but does no damage.
The freezing wraith hits you but does no damage.
The freezing wraith barely misses you.
You barely miss the freezing wraith.
Your headbutt misses the freezing wraith.
You are no longer berserk.
You are exhausted.
You feel yourself slow down.
The ice beast hits you but does no damage.
You puncture the freezing wraith!
The freezing wraith is moderately damaged.
The freezing wraith hits you. The freezing wraith freezes you!!
* * * LOW HITPOINT WARNING * * *
The freezing wraith hits you.
* * * LOW HITPOINT WARNING * * *
The freezing wraith drains your vigour!
You feel as though you will be slow longer.
The ice beast closely misses you. The freezing wraith closely misses you.
The freezing wraith hits you.
You die...

▓.......▓
▓...©...▓
▓▓▓▓▓▓▓▓▓
▓..8©8..▓
▓..=!:..▓
▓..:)[..▓
▓.......▓
▓.......▓
▓..Y@W..▓
▓...)...▓
▓.▓...▓.▓
▓...©...▓
▓▓▓▓▓▓▓▓▓


You could see a freezing wraith and an ice beast.

Vanquished Creatures
  A black mamba (D)
  A freezing wraith (D)
  2 polar bears (D)
  A jumping spider (D)
  3 nagas (D)
  A porcupine (D)
  An eye of draining (D)
  A bullfrog (D)
  4 scorpions (D)
  2 jellies (D)
  3 adders (D)
  A shadow imp (D)
  A white imp (D)
  An adder zombie (D)
  An adder simulacrum (D)
  A bat skeleton (D)
  2 jackals (D)
  A ball python (D)
28 creatures vanquished.

Notes
Turn   | Place    | Note
-------+----------+-------------------------------------------
     0 | D        | Found the +6 Majin-Bo {vamp, Archmagi MP+6 Int+6}
     0 | D        | Found the +7 great mace "Firestarter" {inner flame, rF++}
     0 | D        | Fang the Minotaur Berserker began the quest for the Orb.
     0 | D        | Reached XP level 1. HP: 19/19 MP: 0/0
     3 | D        | Found a blossoming altar of Fedhas.
     3 | D        | Banished a spatial maelstrom
     4 | D        | Found a viscous altar of Jiyva.
     4 | D        | Found a hazy altar of Hepliaklqana.
     4 | D        | Found a transporter.
     4 | D        | Found an opulent altar of Gozag.
     4 | D        | Found an ancient bone altar of Kikubaaqudgha.
     4 | D        | Found a corrupted altar of Lugonu.
    10 | D        | Found a burning altar of Makhleb.
    11 | D        | Found a stormy altar of Qazlal.
    11 | D        | Found a sacrificial altar of Ru.
    11 | D        | Found an iron altar of Okawaru.
    11 | D        | Found a deep blue altar of Sif Muna.
    11 | D        | Found a sparkling altar of Nemelex Xobeh.
    11 | D        | Found a bloodstained altar of Trog.
    77 | D        | Entered arena 2.
    77 | D        | Noticed a naga
    77 | D        | Found a transporter.
    80 | D        | Reached skill level 4 in Fighting
    80 | D        | Reached XP level 2. HP: 28/28 MP: 1/1
    84 | D        | Killed a naga
    84 | D        | Reached skill level 8 in Fighting
    84 | D        | Reached skill level 1 in Polearms
    84 | D        | Reached XP level 3. HP: 40/40 MP: 2/2
    84 | D        | Reached XP level 4. HP: 48/48 MP: 3/3
   117 | D        | Entered arena 3.
   117 | D        | Noticed an eye of draining
   117 | D        | Found a transporter.
   123 | D        | Killed an eye of draining
   123 | D        | Reached ** piety under Trog
   123 | D        | Reached skill level 9 in Fighting
   123 | D        | Reached XP level 5. HP: 57/57 MP: 0/4
   123 | D        | Reached skill level 5 in Armour
   124 | D        | Reached skill level 10 in Fighting
   124 | D        | Reached XP level 6. HP: 66/66 MP: 0/5
   167 | D        | Entered arena 4.
   167 | D        | Found a transporter.
   170 | D        | Reached *** piety under Trog
   176 | D        | Got the +5 double sword of Death's Door {holy, rC- Str+4}
   177 | D        | Reached **** piety under Trog
   189 | D        | Entered arena 5.
   189 | D        | Noticed a porcupine
   189 | D        | Found a transporter.
   195 | D        | Killed a porcupine
   195 | D        | Reached skill level 11 in Fighting
   195 | D        | Reached skill level 10 in Axes
   195 | D        | Reached skill level 5 in Dodging
   196 | D        | Reached skill level 1 in Long Blades
   197 | D        | Reached ***** piety under Trog
   220 | D        | Entered arena 6.
   220 | D        | Noticed a jumping spider
   220 | D        | Found a transporter.
   223 | D        | Killed a jumping spider
   223 | D        | Reached skill level 5 in Polearms
   223 | D        | Reached XP level 7. HP: 74/75 MP: 6/6
   223 | D        | Reached skill level 12 in Fighting
   238 | D        | Reached ****** piety under Trog
   238 | D        | Received a gift from Trog
   297 | D        | Entered arena 7.
   297 | D        | Noticed a black mamba
   299 | D        | Found a transporter.
   307 | D        | Reached XP level 8. HP: 85/85 MP: 7/7
   309 | D        | Killed a black mamba
   309 | D        | Reached skill level 13 in Fighting
   514 | D        | Identified a +1 pair of boots of running (You found it in the Dungeon)
   514 | D        | Received a gift from Trog
   527 | D        | Got a smoking halberd {god gift}
   528 | D        | Identified the +9 halberd of Mysticism {venom, rPois} (Trog gifted it to you in the Dungeon)
   531 | D        | Entered arena 8.
   531 | D        | Noticed a polar bear
   531 | D        | Noticed a freezing wraith
   531 | D        | Noticed a freezing wraith
   531 | D        | Noticed a polar bear
   533 | D        | Found a transporter.
   535 | D        | Killed a polar bear
   537 | D        | Killed a polar bear
   540 | D        | Received a gift from Trog
   542 | D        | Killed a freezing wraith
   542 | D        | Reached XP level 9. HP: 51/94 MP: 8/8
   545 | D        | Slain by a freezing wraith

Skill      XL: |  1  2  3  4  5  6  7  8 |
---------------+-------------------------+-----
Fighting       | 4 8 9 10 11 12 13 | 13.6
Axes           | 4 8 9 11 12 | 12.1
Polearms       | 1 2 3 5 7 9 |  9.0
Armour         | 4 5 6 7 8 |  8.6
Dodging        | 3 4 5 6 |  6.6
Long Blades    | 2 4 8 |  8.7
Stealth        | |  0.1

Action                   |  1- 3 |  4- 6 |  7- 9 || total
-------------------------+-------+-------+-------++-------
Melee: Demon trident     |     6 |     8 |       ||    14
       Double sword      |       |     7 |    16 ||    23
       Headbutt          |       |     1 |     3 ||     4
       Halberd           |       |       |    10 ||    10
Invok: Berserk           |     1 |     1 |     2 ||     4
       Burn Spellbooks   |       |     2 |     2 ||     4
  Eat: Chunk             |       |       |     2 ||     2
Armor: Shadow dragon sca |       |    26 |    31 ||    57
Dodge: Dodged            |     2 |    14 |    25 ||    41
       Rpst.: Double sword |       |     1 |     6 ||     7
